 Dungeon Crawl Stone Soup version 0.25.1-2-g60ff931df9 (webtiles) character file.

Game seed: 50659254662573908

51219 Peloso the Peltast (level 14, -1/125 HPs)
             Began as a Minotaur Fighter on Aug 5, 2020.
             Was the Champion of Okawaru.
             Slain by a death yak (16 damage)
             ... on level 6 of the Lair of Beasts on Aug 6, 2020.
             The game lasted 00:49:58 (22224 turns).

Peloso the Peltast (Minotaur Fighter)              Turns: 22224, Time: 00:49:59

Health: -1/125     AC: 16    Str: 25    XL:     14   Next: 22%
Magic:  12/14      EV: 17    Int:  5    God:    Okawaru [******]
Gold:   833        SH: 24    Dex: 14    Spells: 13/13 levels left

rFire    + + +     SeeInvis +   a - +6 falchion of Oily Offence {flame, rF++}
rCold    + + +     Gourm    .   c - +2 kite shield {rC+}
rNeg     . . .     Faith    .   L - +0 fire dragon scales
rPois    .         Spirit   .   U - +0 hat {SInv}
rElec    .         Reflect  +   M - scarf {repulsion}
rCorr    .         Harm     .   O - +0 pair of gloves {Dex+3}
MR       +....                  (no boots)
Stlth    +++.......             v - amulet of reflection
HPRegen  0.30/turn              V - ring of Xom's Capriciousness {rC+++ Slay+5 Stlth+}
MPRegen  0.14/turn              (no ring)

@: heroism, repel missiles
A: retaliatory headbutt, horns 2
a: Heroism, Finesse, Renounce Religion


You were on level 6 of the Lair of Beasts.
You worshipped Okawaru.
Okawaru was exalted by your worship.
You were not hungry.

You visited 2 branches of the dungeon, and saw 18 of its levels.
You also visited: Gauntlet.

You collected 868 gold pieces.
You spent 35 gold pieces at shops.

Inventory:

Hand Weapons
 a - the +6 falchion of Oily Offence (weapon) {flame, rF++}
   (Okawaru gifted it to you on level 6 of the Lair of Beasts)

   It has been specially enchanted to burn those struck by it, causing extra
   injury to most foes and up to half again as much damage against particularly
   susceptible opponents.
   Big, fiery blades are also staple armaments of hydra-hunters.
   It greatly protects you from fire.
 b - a +1 double sword of holy wrath
Armour
 c - a +2 kite shield of cold resistance (worn)
 L - +0 fire dragon scales (worn)
 M - a scarf of repulsion (worn)
 O - a +0 pair of gloves of dexterity (worn)
 U - a +0 hat of see invisible (worn)
Jewellery
 k - an uncursed ring of protection from magic
 n - an uncursed ring of poison resistance
 v - an amulet of reflection (around neck)
 V - the ring of Xom's Capriciousness (left hand) {rC+++ Slay+5 Stlth+}
   (You found it on level 3 of the Lair of Beasts)

   [ring of stealth]

   It affects your accuracy and damage with ranged weapons and melee attacks
   (+5).
   It renders you almost immune to cold.
   It makes you more stealthy.
Scrolls
 e - 5 scrolls of teleportation
 i - 4 scrolls of blinking
 l - 8 scrolls of remove curse
 m - a scroll of amnesia
 o - 5 scrolls of magic mapping
 s - 3 scrolls of identify
 R - 2 scrolls of noise
 Z - 4 scrolls of fear
Potions
 d - 2 potions of might
 g - a potion of haste
 h - 4 potions of heal wounds
 j - 8 potions of curing
 E - 7 potions of stabbing
 G - a potion of flight
 I - a potion of berserk rage
Comestibles
 f - 26 rations


   Skills:
 + Level 11.7(16.7) Fighting
 + Level 14.9(19.9) Long Blades
 + Level 12.2(17.2) Armour
 + Level 6.5(11.5) Dodging
 + Level 2.1(7.1) Stealth
 + Level 17.5(22.5) Shields
 + Level 1.6 Invocations


You had 13 spell levels left.
You didn't know any spells.
Your spell library contained the following spells:

 Spells                   Type           Power        Failure   Level  Hunger
 Magic Dart               Conj           #...         71%         1    ##.....
 Sandblast                Erth           #.....       71%         1    ##.....
 Blink                    Tloc           N/A          85%         2    ###....
 Call Imp                 Summ           #.......     85%         2    ###....
 Passwall                 Tmut/Erth      #.......     85%         2    ###....
 Poisonous Vapours        Pois/Air       #.....       85%         2    ###....
 Slow                     Hex            #.......     85%         2    ###....
 Confusing Touch          Hex            #.......     97%         3    ####...
 Conjure Flame            Conj/Fire      #.......     97%         3    ####...
 Gell's Gravitas          Tloc           #.........   97%         3    ####...
 Mephitic Cloud           Conj/Pois/Air  #.......     97%         3    ####...
 Spider Form              Tmut/Pois      #.........   97%         3    ####...
 Stone Arrow              Conj/Erth      #.....       97%         3    ####...
 Ice Form                 Ice/Tmut       #.......     100%        4    #####..
 Leda's Liquefaction      Hex/Erth       #.........   100%        4    #####..
 Petrify                  Tmut/Erth      #.......     100%        4    #####..
 Irradiate                Conj/Tmut      #.........   100%        5    ######.
 Lee's Rapid Deconstruct  Erth           #.........   100%        5    ######.
 Metabolic Englaciation   Hex/Ice        #.........   100%        5    ######.
 Yara's Violent Unravell  Hex/Tmut       #.........   100%        5    ######.
 Freezing Cloud           Conj/Ice/Air   #.........   100%        6    #######
 Hydra Form               Tmut           #.........   100%        6    #######
 Ozocubu's Refrigeration  Ice            #.........   100%        6    #######
 Simulacrum               Ice/Necr       #.........   100%        6    #######
 Statue Form              Tmut/Erth      #........    100%        6    #######
 Dragon Form              Tmut           #.........   100%        7    #######
 Shatter                  Erth           #.........   100%        9    #######


Dungeon Overview and Level Annotations

Branches:
Dungeon (13/15)            Temple (0/1) D:5            Lair (4/6) D:8
 Spider (0/4) Lair:2          Orc (0/2) D:11        Gauntlet (visited)
  Swamp: Lair:2-4    Shoals: Lair:2-4    Vaults: D:13-14

Altars:
Ashenzari
Cheibriados
Fedhas
Gozag
Makhleb
Nemelex Xobeh
Okawaru
Qazlal
Uskayaw
Vehumet
The Shining One

Shops:
D:4 (*?**   D:7 [   D:8 (

Annotations:
D:4 exclusion: statue
Lair:1 1 runed translucent door, exclusion: 4 oklob plants, Vew Pil's ghost, journeyman DrTm


Innate Abilities, Weirdness & Mutations

You reflexively headbutt those who attack you in melee.
You have a pair of horns on your head.


Message History

You block the death yak's attack.
You gain the combat prowess of a mighty hero.
You block the death yak's attack. x2
You slash the death yak! You burn the death yak.
The death yak is heavily wounded.
You block the death yak's attack. x2
Unknown command.
You hit the death yak but do no damage. You headbutt the death yak!
The death yak is severely wounded.
You block the death yak's attack.
Unknown command.
You hit the death yak. You burn the death yak. You headbutt the death yak!
The death yak is severely wounded.
The death yak gores you!
* * * LOW HITPOINT WARNING * * *
Unknown command.
You slash the death yak! You burn the death yak. You headbutt the death yak!
The death yak is almost dead.
The death yak gores you!
You die... .........##........ #P.. ...............#... .... ................... ..... .(P..............P #..PP P##.............P #.PPP

#....#P......P. ##PP.#
##.............
#..P..####.......(.....
#..$.@#Y........<.....
##...YYY........P.†...
#....#...............
#....##....P..[.#....
#....###...P.........
###.## #..#..........
## #..###........# #..#
##....#.## #......#


You could see 3 death yaks.

Vanquished Creatures
  A minotaur (Gauntlet)
  A deep elf annihilator (D:13)
  4 hydras
  3 two-headed ogres
  A death yak (Lair:6)
  An unseen horror (D:10)
  3 cyclopes
  4 manticores
  A deep elf mage (D:12)
  6 ugly things
  2 black mambas
  5 elephants
  6 spiny frogs
  2 gargoyles (D:12)
  A kobold demonologist (D:12)
  6 komodo dragons
  8 rime drakes
  An efreet (Gauntlet)
  2 queen bees
  3 jumping spiders (Lair:2)
  3 meliai (Gauntlet)
  Prince Ribbit (Lair:1)
  5 polar bears (Lair:1)
  A hornet (D:7)
  4 blink frogs (Lair:1)
  8 hippogriffs
  3 redbacks (Lair:2)
  A wraith (D:12)
  3 shadows (D:12)
  34 yaks
  15 wyverns
  3 fire elementals (Gauntlet)
  9 basilisks
  A steam dragon (D:13)
  2 vampire mosquitoes (D:13)
  4 hungry ghosts
  Menkaure (D:4)
  An acid dragon (D:12)
  9 water moccasins
  10 porcupines
  3 hell hounds (Gauntlet)
  6 ice beasts
  7 sky beasts
  2 phantoms
  A black bear (D:8)
  5 orc warriors
  An eye of draining (D:12)
  7 ogres
  6 wolves
  A necrophage (D:9)
  9 crocodiles
  4 centaurs (D:12)
  4 big kobolds
  13 bullfrogs
  A gnoll sergeant (D:10)
  4 scorpions
  47 killer bees
  10 wights
  6 howler monkeys
  5 jellies
  5 crimson imps
  2 centaur zombies
  5 quasits
  2 bullfrog zombies
  4 hounds
  12 orc wizards
  A bullfrog skeleton (D:4)
  3 centaur skeletons
  7 orc priests
  An iguana (D:10)
  6 hell rats
  7 worker ants
  A hound skeleton (D:9)
  14 adders
  6 gnolls
  3 shadow imps
  4 adder skeletons
  4 worms (D:2)
  3 dart slugs
  8 leopard geckos
  38 orcs
  17 bats
  5 giant cockroaches
  8 goblins
  12 hobgoblins
  4 jackals
  19 kobolds
  7 quokkas
  5 ball pythons (D:3)
  3 frilled lizards
  A quokka skeleton (D:7)
  4 rats
  2 plants (Lair:1)
544 creatures vanquished.

Vanquished Creatures (others)
  A blink frog (Lair:2)
  A killer bee (Lair:2)
  A kobold (D:7)
  9 fungi
  6 plants
18 creatures vanquished.

Grand Total: 562 creatures vanquished

Notes
Turn   | Place    | Note
-------+----------+-------------------------------------------
     0 | D:1      | Peloso the Minotaur Fighter began the quest for the Orb.
     0 | D:1      | Reached XP level 1. HP: 19/19 MP: 0/0
   122 | D:1      | Reached XP level 2. HP: 27/27 MP: 1/1
   237 | D:1      | Reached skill level 4 in Shields
   942 | D:2      | Reached XP level 3. HP: 12/33 MP: 2/2
  1255 | D:2      | Found a burning altar of Makhleb.
  1540 | D:2      | Found an iron altar of Okawaru.
  1628 | D:2      | Became a worshipper of Warmaster Okawaru
  1832 | D:3      | Reached XP level 4. HP: 37/40 MP: 3/3
  1965 | D:3      | Found a shattered altar of Ashenzari.
  2294 | D:3      | Reached XP level 5. HP: 47/47 MP: 4/4
  2479 | D:3      | Found a snail-covered altar of Cheibriados.
  2805 | D:4      | Found Tenaycs's Assorted Antiques.
  2943 | D:4      | Found Irayxysh's General Store.
  2957 | D:4      | Noticed Menkaure
  2962 | D:4      | Killed Menkaure
  2962 | D:4      | Reached * piety under Okawaru
  2962 | D:4      | Reached skill level 5 in Long Blades
  2962 | D:4      | Reached skill level 5 in Armour
  2962 | D:4      | Reached skill level 1 in Dodging
  2962 | D:4      | Reached skill level 5 in Shields
  2962 | D:4      | Reached XP level 6. HP: 53/53 MP: 5/5
  2976 | D:4      | Found Xuextosh's General Store.
  3176 | D:4      | Found Ojufroah's Magic Scroll Emporium.
  3197 | D:4      | Bought a scroll of magic mapping for 35 gold pieces
  3258 | D:4      | Found a radiant altar of Vehumet.
  3341 | D:4      | Found Zipnomis's Weapon Emporium.
  3431 | D:4      | Reached skill level 5 in Fighting
  3431 | D:4      | Reached XP level 7. HP: 57/61 MP: 6/6
  3675 | D:5      | Entered Level 5 of the Dungeon
  3921 | D:5      | Found a glowing golden altar of the Shining One.
  4000 | D:5      | Found a staircase to the Ecumenical Temple.
  4045 | D:5      | Reached skill level 6 in Shields
  4201 | D:5      | Reached ** piety under Okawaru
  4707 | D:5      | Found an opulent altar of Gozag.
  4787 | D:6      | Reached XP level 8. HP: 60/69 MP: 4/7
  5037 | D:6      | Got a pair of jewelled boots
  5056 | D:6      | Identified the cursed +0 pair of boots of Painted
                  | Creativity {MR+ Str-3 SInv} (You found it on level 6 of the
                  | Dungeon)
  5269 | D:6      | Reached skill level 7 in Shields
  5989 | D:6      | Found a blossoming altar of Fedhas.
  6228 | D:7      | Reached *** piety under Okawaru
  6296 | D:7      | Found Otriol's Antique Armour Emporium.
  6308 | D:7      | Noticed a hornet
  6318 | D:7      | Killed a hornet
  6322 | D:7      | Reached XP level 9. HP: 38/75 MP: 8/8
  6352 | D:7      | Reached skill level 8 in Shields
  6533 | D:7      | Found a sparkling altar of Nemelex Xobeh.
  7182 | D:7      | Reached **** piety under Okawaru
  7182 | D:7      | Reached skill level 9 in Shields
  7848 | D:8      | Found a staircase to the Lair.
  7859 | D:8      | Reached skill level 10 in Shields
  7935 | D:8      | Found Ylaahui's Antique Weapon Boutique.
  8188 | D:8      | Found a stormy altar of Qazlal.
  8231 | D:8      | Found a hide-covered altar of Uskayaw.
  8501 | D:8      | Reached ***** piety under Okawaru
  8501 | D:8      | Reached XP level 10. HP: 84/84 MP: 9/9
  8838 | D:9      | Reached skill level 10 in Long Blades
  9032 | D:9      | Noticed a two-headed ogre
  9052 | D:9      | Killed a two-headed ogre
  9052 | D:9      | Received a gift from Okawaru
  9052 | D:9      | Reached skill level 11 in Shields
  9521 | D:9      | Noticed a two-headed ogre
  9531 | D:9      | Killed a two-headed ogre
  9947 | D:10     | Entered Level 10 of the Dungeon
  9962 | D:10     | Received a gift from Okawaru
  9993 | D:10     | Reached skill level 12 in Shields
 10193 | D:10     | Killed an unseen horror
 10472 | D:10     | Noticed a red ugly thing
 10490 | D:10     | Killed a red ugly thing
 10597 | D:10     | Reached XP level 11. HP: 92/92 MP: 10/10
 10948 | D:10     | Reached skill level 10 in Armour
 10964 | D:10     | Reached skill level 1 in Stealth
 11332 | D:11     | Found a gate leading to a gauntlet.
 11370 | Gauntlet | Entered a Gauntlet
 11370 | Gauntlet | Found a transporter.
 11373 | Gauntlet | Found a transporter.
 11375 | Gauntlet | Noticed an entropy weaver
 11377 | Gauntlet | Noticed a dire elephant
 11386 | Gauntlet | Found a transporter.
 11390 | Gauntlet | Found a transporter.
 11405 | Gauntlet | Found a transporter.
 11407 | Gauntlet | Noticed a wretched star
 11425 | Gauntlet | Found a transporter.
 11429 | Gauntlet | Found a transporter.
 11429 | Gauntlet | Noticed a dire elephant
 11433 | Gauntlet | Found a transporter.
 11467 | Gauntlet | Found a transporter.
 11469 | Gauntlet | Found a transporter.
 11475 | Gauntlet | Found a transporter.
 11493 | Gauntlet | Found a transporter.
 11605 | Gauntlet | Reached skill level 13 in Shields
 11672 | Gauntlet | Identified the Catalogue of Poisonous Clay
 11930 | Gauntlet | Reached skill level 1 in Invocations
 12289 | Gauntlet | Identified the ring of Lupiegawn {*Tele rElec rF- Int+5}
 12289 | Gauntlet | Noticed a minotaur
 12297 | Gauntlet | Killed a minotaur
 12297 | Gauntlet | Received a gift from Okawaru
 12692 | D:11     | Noticed a purple ugly thing
 12701 | D:11     | Killed a purple ugly thing
 12883 | D:11     | Found a staircase to the Orcish Mines.
 12886 | D:11     | Noticed a purple ugly thing
 12892 | D:11     | Killed a purple ugly thing
 13235 | D:12     | Received a gift from Okawaru
 13292 | D:12     | Reached XP level 12. HP: 103/103 MP: 12/12
 13314 | D:12     | Reached skill level 14 in Shields
 13700 | D:12     | Noticed a two-headed ogre
 13708 | D:12     | Killed a two-headed ogre
 13967 | D:12     | Reached ****** piety under Okawaru
 14422 | Lair:1   | Entered Level 1 of the Lair of Beasts
 14876 | Lair:1   | Reached skill level 10 in Fighting
 14922 | Lair:1   | Found a runed translucent door.
 14927 | Lair:1   | Noticed Vew Pil's ghost (journeyman DrTm)
 14958 | Lair:1   | Noticed an eight-headed hydra
 14966 | Lair:1   | Killed a four-headed hydra
 14966 | Lair:1   | Reached skill level 15 in Shields
 14973 | Lair:1   | Noticed Prince Ribbit
 14983 | Lair:1   | Received a gift from Okawaru
 15006 | Lair:1   | Killed Prince Ribbit
 16169 | Lair:2   | Reached XP level 13. HP: 113/113 MP: 13/13
 16186 | Lair:2   | Found a hole to the Spider Nest.
 16680 | Lair:2   | Received a gift from Okawaru
 17478 | Lair:2   | Reached skill level 16 in Shields
 18561 | D:13     | Noticed a deep elf annihilator
 18605 | D:13     | Killed a deep elf annihilator
 18605 | D:13     | Reached skill level 5 in Dodging
 19958 | Lair:3   | Got a coiled ivory ring
 19959 | Lair:3   | Identified the ring of Xom's Capriciousness {rC+++ Slay+5
                  | Stlth+} (You found it on level 3 of the Lair of Beasts)
 21049 | Lair:4   | Reached skill level 17 in Shields
 21063 | Lair:4   | Received a gift from Okawaru
 21385 | Lair:4   | Reached XP level 14. HP: 115/124 MP: 14/14
 21627 | Lair:4   | You fall into a shaft and drop 2 floors!
 21627 | Lair:6   | Entered Level 6 of the Lair of Beasts
 22030 | Lair:6   | Received a gift from Okawaru
 22176 | Lair:6   | Identified the +6 falchion of Oily Offence {flame, rF++}
                  | (Okawaru gifted it to you on level 6 of the Lair of Beasts)
 22224 | Lair:6   | Slain by a death yak

Illustrated notes

Levels and vault maps discovered:
D:1:      dpeg_arrival_signposts, layout_basic, minmay_tetromino_o2
D:2:      layout_rooms, marbit_many_paths, bloody_makhleb, serial_glass,
          glass_columns_a, glass_columns_b, kennysheep_generic_room_3
D:3:      minmay_angry_zag, layout_loops_corners, kennysheep_slug_shrine,
          cheibrodos_ashenzari_chains, minmay_shallow_snake_nest
D:4:      layout_basic, vehumet_statue, serial_shops, nicolae_shop_waterfront,
          nicolae_shop_crystal, shop, shop_statue, shop, first_ration,
          uniq_menkaure
D:5:      layout_loops_cross, kennysheep_little_box, minmay_temple_entry_waves,
          nicolae_tso_carved_into_rock
D:6:      layout_layer_cave, kennysheep_mini_moat
D:7:      layout_basic, old_standard_altar, serial_shops, nicolae_shop_trees
D:8:      layout_loops_cross, grunt_qazlal_sundering,
          nicolae_overflow_hidden_temple, lemuel_round_altar,
          grunt_lair_entry_orc_guard_hut, serial_shops, shop
D:9:      layout_roguey
D:10:     minmay_distorted_concentric_squares, layout_rooms, david_nohive_1
D:11:     layout_roguey, orc_0_dummy, gauntlet_entry_generic, grunt_ministairs_1
D:12:     layout_irregular_city, hangedman_corner_corridor
D:13:     layout_stronghold, kennysheep_four_rooms
Lair:1:   layout_regular_city, ebering_ghost_reflecting_pool,
          serial_bayou_pond_e, cheibrodos_lair_lostbears, serial_bayou_shore_b,
          minmay_lair_oklob_chamber, uniq_prince_ribbit2
Lair:2:   regret_index_bee_streams, layout_long_grid,
          nicolae_spider_entry_tight_spaces, nicolae_lair_grove_arrangements,
          roderic_batcave
Lair:3:   layout_regular_city, beast_lair_carwin_11, serial_bayou_shore_b,
          grunt_megastairs_4
Lair:4:   layout_roguey [special_room_mythical_zoo],
          minmay_shoals_entry_lonely_mermaid, nzn_random_ring
Lair:6:   due_jungle_book, layout_misc_corridors,
          dpeg_slime_entry_enclosed_altar, lemuel_fruit_fields

Skill      XL: |  1  2  3  4  5  6  7  8  9 10 11 12 13 |
---------------+----------------------------------------+-----
Shields        | 4 5 6 7 10 12 13 15 17 | 17.5
Armour         | 4 5 6 7 9 10 11 12 | 12.2
Fighting       | 4 5 6 7 8 10 11 | 11.7
Long Blades    | 3 4 5 6 8 9 11 12 13 14 | 14.9
Dodging        | 1 2 3 4 6 |  6.5
Stealth        | 1 2 |  2.1
Invocations    | 1 |  1.6

Action                   |  1- 3 |  4- 6 |  7- 9 | 10-12 | 13-15 || total
-------------------------+-------+-------+-------+-------+-------++-------
Melee: Long sword        |    84 |    63 |   284 |       |       ||   431
       Headbutt          |    15 |    20 |    99 |   189 |   141 ||   464
       Scimitar          |       |    80 |       |   342 |   477 ||   899
       Falchion          |       |       |   178 |   448 |    16 ||   642
Invok: Heroism           |       |     1 |     2 |     7 |     2 ||    12
       Finesse           |       |       |       |     1 |       ||     1
Evoke: Wand              |       |       |       |       |     5 ||     5
  Use: Scroll            |       |     4 |     1 |    12 |    13 ||    30
       Potion            |       |     4 |       |     2 |       ||     6
  Eat: Chunk             |     3 |     5 |    15 |    22 |    17 ||    62
       Ration            |       |       |       |     2 |     1 ||     3
Armor: Scale mail        |    45 |    52 |    61 |       |       ||   158
       Plate armour      |       |       |   113 |    93 |       ||   206
       Chain mail        |       |       |       |    80 |    64 ||   144
       Fire dragon scale |       |       |       |       |    89 ||    89
Dodge: Dodged            |    32 |    41 |    84 |   166 |   153 ||   476
       Repelled          |       |       |       |     6 |     3 ||     9
Block: Kite shield       |    44 |    91 |   391 |   722 |   598 ||  1846
       Reflection        |       |       |     3 |    20 |     2 ||    25
       Rpst.: Long sword |     8 |     6 |    17 |       |       ||    31
       Scimitar          |       |     2 |       |    16 |    41 ||    59
       Falchion          |       |       |     3 |    18 |     1 ||    22
